 Dungeon Crawl Stone Soup version 0.27-a0-1202-ge72e49191c (webtiles) character file.

Game seed: 1119880919913161039

20 Delamore the Shield-Bearer (level 3, 25/29 HPs)
             Began as a Formicid Fighter on June 2, 2021.
             Was a Follower of Vehumet.
             Quit the game on level 1 of the Dungeon.
             The game lasted 00:00:51 (458 turns).

Delamore the Shield-Bearer (Formicid Fighter)        Turns: 458, Time: 00:00:52

Health: 25/29      AC:  6    Str: 21    XL:     3   Next: 0%
Magic:  3/3        EV:  8    Int:  7    God:    Vehumet [*.....]
Gold:   0          SH:  9    Dex: 10    Spells: 2/2 levels left

rFire    . . .     SeeInvis +   a - +0 trident
rCold    . . .     Faith    .   c - +0 kite shield
rNeg     . . .     Spirit   .   b - +0 scale mail
rPois    .         Reflect  .   (helmet unavailable)
rElec    .         Harm     .   (no cloak)
rCorr    .         Rampage  .   (no gloves)
Will     .....                  (no boots)
Stlth    ..........             (no amulet)
HPRegen  0.09/turn              (no ring)
MPRegen  0.08/turn              (no ring)

@: no status effects
A: permanent stasis, dig shafts and tunnels, antennae 3, four strong arms
a: Dig, Shaft Self, Renounce Religion


You were on level 1 of the Dungeon.
You worshipped Vehumet.
Vehumet was aware of your devotion.
You visited 1 branch of the dungeon, and saw 1 of its levels.

Inventory:

Hand Weapons
 a - a +0 trident (weapon)
Missiles
 g - 19 poisoned darts
Armour
 b - a +0 scale mail (worn)
 c - a +0 kite shield (worn)
Scrolls
 e - a scroll of immolation {unknown}
 f - a scroll of blinking {unknown}
Potions
 d - a potion of might


   Skills:
 + Level 3.5 Fighting
 + Level 2.3 Polearms
 + Level 3.5 Armour
 + Level 4.0 Shields


You had 2 spell levels left.
You didn't know any spells.
Your spell library was empty.

Dungeon Overview and Level Annotations

Branches:
Dungeon (1/15)

Altars:
Vehumet


Innate Abilities, Weirdness & Mutations

You cannot be hasted, slowed, berserked, paralysed or teleported.
You can dig through walls and to a lower floor.
You have a pair of large antennae on your head. (SInv)
Your four strong arms can wield two-handed weapons with a shield.


Message History

Moving in this stuff is going to be slow.
There is a faded altar of an unknown god here.
You cannot tell which god this altar belongs to.
Convert to them anyway?
Okay, then.
You cannot tell which god this altar belongs to.
Convert to them anyway?
Vehumet accepts your prayer! Vehumet welcomes you!
You can now gain magical power from killing.
Vehumet offers you knowledge of Shock.
You enter the shallow water.
Moving in this stuff is going to be slow.
You enter the shallow water.
Moving in this stuff is going to be slow.
You enter the shallow water.
Moving in this stuff is going to be slow.
You see here a hobgoblin corpse.
A hobgoblin comes into view.
The hobgoblin shouts!
A hobgoblin is nearby!
A kobold comes into view. It is wielding a +0 whip.
The kobold shouts!
You reach to attack!
You hit the hobgoblin.
The hobgoblin is lightly wounded.
You puncture the hobgoblin!
You kill the hobgoblin!
Vehumet accepts your kill.
Your Shields skill increases to level 4!
You reach to attack!
You hit the kobold but do no damage.
Your scale mail prevents you from hitting the kobold.
The kobold hits you with a +0 whip.
You closely miss the kobold. The kobold barely misses you.
The kobold hits you but does no damage.
You puncture the kobold!
You kill the kobold!
Vehumet accepts your kill.
You have reached level 3!
Your experience leads to an increase in your attributes!
Increase (S)trength, (I)ntelligence, or (D)exterity?
You feel stronger.
Are you sure you want to abandon this character and quit the game? (Confirm with "yes".)

#.##.##.##########.##PP≈#
#.##.#...#.........##..≈#
#..........######..###P..
#[##.......#######.######
#.##.....................
#........####........†###
#.##...#.# #.######..#
#.##.#.#.####.# #..#
#.......@.....# #..#
#......)####### #..#
#.####..# #..# #.# #..#
#... #.# #... ##.# #.#
#.. { #.# #.. #..


There were no monsters in sight!

Vanquished Creatures
  2 ball pythons (D:1)
  2 endoplasms (D:1)
  3 giant cockroaches (D:1)
  2 goblins (D:1)
  4 hobgoblins (D:1)
  2 kobolds (D:1)
  A rat (D:1)
16 creatures vanquished.

Notes
Turn   | Place    | Note
-------+----------+-------------------------------------------
     0 | D:1      | Delamore the Formicid Fighter began the quest for the Orb.
     0 | D:1      | Reached XP level 1. HP: 18/18 MP: 1/1
    30 | D:1      | Reached XP level 2. HP: 19/24 MP: 2/2
   312 | D:1      | Found a faded altar of an unknown god.
   407 | D:1      | Became a worshipper of Vehumet
   407 | D:1      | Reached * piety under Vehumet
   407 | D:1      | Offered knowledge of Shock by Vehumet.
   454 | D:1      | Reached skill level 4 in Shields
   458 | D:1      | Reached XP level 3. HP: 25/29 MP: 3/3
   458 | D:1      | Quit the game

Illustrated notes

Levels and vault maps discovered:
D:1:      heliophobic_arrival_enchanted_forest, layout_loops_ring,
          shapermc_ecumenical_altar_hornbeckon, serial_shops, shop_statue,
          minmay_bisected

Skill      XL: |  1  2 |
---------------+-------+-----
Shields        | 4 |  4.0
Fighting       | |  3.5
Polearms       | |  2.3
Armour         | |  3.5

Action                   || total
-------------------------++-------
Melee: Trident           ||    39
Armor: Scale mail        ||    10
Dodge: Dodged            ||     8
Block: Kite shield       ||     6

Table legend: (Time is in decaauts)
 A = Elapsed time spent in this place.
 B = Non-inter-level travel time spent in this place.
 C = Inter-level travel time spent in this place.
 D = Time resting spent in this place.
 E = Time spent auto-exploring this place.
 F = Levels seen in this place.
 G = Mean time per level.
                   A        B        C        D        E       F      G
               +--------+--------+--------+--------+--------+-----+--------+
         Total |    484 |    429 |     55 |      0 |    337 |   1 |  484.0 |
       Dungeon |    484 |    429 |     55 |      0 |    337 |   1 |  484.0 |
               +--------+--------+--------+--------+--------+-----+--------+

Top non-repeatable levels by time:
     D:1: 484 daAuts
